 Seeded DCSS version 0.30-a0-748-ge6a52f7cba (webtiles) character file.

Game seed: 5772684963948250150 (custom seed)

4438 hikkokomori the Carver (level 10, -2/80 HPs)
             Began as a Demonspawn Gladiator on Feb 9, 2023.
             Was a Follower of Okawaru.
             Slain by a very large slime creature (54 damage)
             ... on level 7 of the Dungeon.
             The game lasted 00:11:45 (5334 turns).

hikkokomori the Carver (Demonspawn Gladiator)       Turns: 5334, Time: 00:11:45

Health: -2/80      AC: 14    Str: 21    XL:     10   Next: 14%
Magic:  10/10      EV: 14    Int:  6    God:    Okawaru [*.....]
Gold:   407        SH:  5    Dex: 19    Spells: 9/9 levels left

rFire   . . .      SeeInvis .    l - +4 triple sword (protect)
rCold   + . .      Faith    .    (shield currently unavailable)
rNeg    . . .      Spirit   .    L - +0 steam dragon scales
rPois   +          Reflect  +    (helmet restricted)
rElec   +          Harm     .    u - +0 cloak
rCorr   .          Rampage  .    O - +0 pair of gloves
Will    .....                    (no boots)
Stlth   ++++                     B - amulet of reflection
HPRegen 1.13/turn                D - ring of flight
MPRegen 0.12/turn                E - ring "Haivugi" {rElec rPois rC+ Str+7 Int-4}

@: under a protective aura, flying, studying Long Blades
A: hooves 2, horns 1, foul stench 2, weakness stinger 1, regeneration 1
a: Renounce Religion, Heroism


You were on level 7 of the Dungeon.
You worshipped Okawaru.
Okawaru was aware of your devotion.
You visited 2 branches of the dungeon, and saw 8 of its levels.

You collected 407 gold pieces.

Inventory:

Hand Weapons
 a - a +0 long sword
 l - a +4 triple sword of protection (weapon)
Missiles
 v - 13 javelins (quivered)
Armour
 b - a +2 buckler
 u - a +0 cloak (worn)
 J - the +0 ring mail of the Cobbler {rN+}
   (You found it on level 6 of the Dungeon)

   rN:        It protects you from negative energy.
 L - +0 steam dragon scales (worn)
 O - a +0 pair of gloves (worn)
Jewellery
 q - a ring of ice
 A - an amulet of the acrobat
 B - an amulet of reflection (around neck)
 D - a ring of flight (left hand)
 E - the ring "Haivugi" (right hand) {rElec rPois rC+ Str+7 Int-4}
   (You acquired it on level 4 of the Dungeon)

   [ring of protection from cold]

   Str:       It affects your strength (+7).
   Int:       It affects your intelligence (-4).
   rC:        It protects you from cold.
   rElec:     It insulates you from electricity.
   rPois:     It protects you from poison.
Wands
 K - a wand of acid (8)
Scrolls
 f - a scroll of fog {unknown}
 g - a scroll of brand weapon {unknown}
 j - a scroll of fear
 k - a scroll of immolation {unknown}
 m - 3 scrolls of poison
 p - a scroll of blinking
 s - a scroll of silence {unknown}
 t - 6 scrolls of teleportation
 w - 2 scrolls of magic mapping
 y - a scroll of amnesia {unknown}
 M - a scroll of identify
 N - a scroll of noise {unknown}
Potions
 d - 3 potions of brilliance
 e - 3 potions of heal wounds
 h - 2 potions of mutation
 n - a potion of berserk rage {unknown}
 o - 2 potions of curing
 r - a potion of flight
 x - 2 potions of lignification
 z - 2 potions of resistance
 F - a potion of cancellation {unknown}
 G - a potion of degeneration
 H - 2 potions of haste {unknown}
 I - a potion of ambrosia {unknown}


   Skills:
 + Level 7.9 Fighting
 + Level 9.8 Long Blades
 + Level 5.9 Throwing
 - Level 4.1 Dodging
 + Level 7.1 Stealth


You had 9 spell levels left.
You didn't know any spells.
Your spell library contained the following spells:

 Spells                   Type           Power      Damage    Failure   Level
 Apportation              Tloc           0%         N/A       45%         1
 Magic Dart               Conj           0%         1d3       45%         1
 Necrotise                Necr           0%         1d4       45%         1
 Ignite Poison            Fire/Tmut/Pois 0%         N/A       83%         3
 Kindle Blastsparks       Fire/Tloc/Air  0%         2d10      83%         3
 Mephitic Cloud           Conj/Pois/Air  0%         N/A       83%         3
 Blade Hands              Tmut           0%         N/A       100%        5
 Freezing Cloud           Conj/Ice/Air   0%         6-21      100%        5
 Eringya's Noxious Bog    Tmut/Pois      0%         N/A       100%        6
 Iron Shot                Conj/Erth      0%         9d1       100%        6
 Summon Small Mammal      Summ           Unusable   N/A       N/A         1
 Call Imp                 Summ           Unusable   N/A       N/A         2
 Animate Armour           Summ/Erth      Unusable   N/A       N/A         4
 Summon Forest            Summ/Tloc      Unusable   N/A       N/A         5
 Summon Hydra             Summ           Unusable   N/A       N/A         7

Dungeon Overview and Level Annotations

Branches:
Dungeon (7/15)             Temple (1/1) D:7

Altars:
Ashenzari
Cheibriados
Dithmenos
Fedhas
Gozag
Hepliaklqana
Kikubaaqudgha
Makhleb
Nemelex Xobeh
Okawaru
Qazlal
Ru
Sif Muna
Trog
Uskayaw
Wu Jian
Xom
Yredelemnul

Shops:
D:1 :?((

Portals:
Abyss: D:4

Annotations:
D:4 2 transporters, GiantSquids's ghost, amateur HOMo


Innate Abilities, Weirdness & Mutations

You have hoof-like feet.
You have a pair of small horns on your head.
You sometimes emit foul miasma when damaged in melee.
You have a small tail.
Your natural rate of healing is unusually fast.


Message History

You headbutt the large slime creature.
Your tail-slap misses the large slime creature.
The large slime creature is heavily wounded.
A two-headed ogre comes into view. It is wielding two +0 giant clubs.
The slime creature jiggles.
You block the large slime creature's attack.
You hit the large slime creature. You kick the large slime creature.
You tail-slap the large slime creature.
The large slime creature is heavily wounded.
Two slime creatures merge to form a very large slime creature.
You slash the very large slime creature!
You kick the very large slime creature.
The very large slime creature is moderately wounded.
The very large slime creature hits you.
You emit a cloud of foul miasma!
You hit the very large slime creature. You kick the very large slime creature.
The very large slime creature is moderately wounded.
The very large slime creature is engulfed in dark miasma.
The very large slime creature is poisoned.
The very large slime creature seems to slow down.
The very large slime creature hits you!
The two-headed ogre hits you with a +0 giant club!
The two-headed ogre closely misses you.
The very large slime creature is engulfed in dark miasma.
The very large slime creature looks even sicker.
The very large slime creature seems to slow down.
The very large slime creature hits you!
You barely miss the very large slime creature.
You headbutt the very large slime creature.
You tail-slap the very large slime creature.
The very large slime creature is heavily wounded.
The very large slime creature is no longer moving slowly.
You block the two-headed ogre's attack.
The two-headed ogre hits you with a +0 giant club.
You hit the very large slime creature. You kick the very large slime creature.
You headbutt the very large slime creature!
The very large slime creature is severely wounded.
The very large slime creature is engulfed in dark miasma.
The very large slime creature hits you!!!
Ouch! That really hurt!
You die...

.# #...##..#..#.#.#..#
.####.)#)..##..#.#.#..#
.....))..#########...##
###...)###..#...#.#...#
##...###..#..[).#.#.).#
...###).#.#....'#.#'..#
.###).#.#.#..###'.'####
#..)#.#.#.#.#....#....#
.###..#.#.#.####@.'# .
###..#.#.#..J#O#'...# .
##..#.#.)l#.# )..# .
##..#!$. .# )#. ## .
####.. ## # ##.. # #
... #...# .# #..#
....##. #.##. ##.#..>.
.. .#####.#..##..


You could see a very large slime creature (very poisoned), a two-headed ogre and
a komodo dragon.

Vanquished Creatures
  An ugly thing (D:7)
  A troll (D:7)
  A shadow (D:7)
  A yak (D:7)
  Eustachio (D:6)
  3 steam dragons
  A vampire mosquito (D:7)
  Duvessa (D:5)
  An orc warrior (D:7)
  A black bear (D:6)
  3 ice beasts
  2 sky beasts
  An ogre (D:4)
  3 centaurs
  A phantom (D:6)
  A kobold brigand (D:6)
  2 bullfrogs (D:7)
  4 scorpions
  5 wights (D:7)
  Dowan (D:5)
  A howler monkey (D:3)
  2 jellies
  2 orc priests (D:7)
  5 hounds
  Jessica (D:2)
  9 iguanas
  5 orc wizards
  9 gnolls
  6 adders
  2 white imps
  4 worms
  7 dart slugs
  16 orcs
  6 bats
  3 endoplasms
  6 giant cockroaches
  8 hobgoblins
  6 jackals (D:2)
  12 kobolds
  2 quokkas
  6 ball pythons
  5 frilled lizards
  5 goblins
  7 rats
170 creatures vanquished.

Vanquished Creatures (others)
  A fungus (D:5)
  9 plants (D:4)
10 creatures vanquished.

Grand Total: 180 creatures vanquished

Notes
Turn   | Place    | Note
-------+----------+-------------------------------------------
     0 | D:1      | hikkokomori the Demonspawn Gladiator began the quest for
                  | the Orb.
     0 | D:1      | Reached XP level 1. HP: 16/16 MP: 1/1
   101 | D:1      | Found Huucwiuf's Magic Scroll Shoppe.
   102 | D:1      | Found Bangeh's Book Boutique.
   107 | D:1      | Found Hacah's Antique Weapon Emporium.
   352 | D:1      | Found Tisut's Weapon Shoppe.
   517 | D:1      | Gained mutation: You may rarely emit foul miasma when
                  | damaged in melee. [demonic ancestry]
   517 | D:1      | Reached XP level 2. HP: 22/22 MP: 2/2
   815 | D:2      | Reached skill level 3 in Long Blades
   923 | D:2      | Discovered your monstrous ancestry.
   923 | D:2      | Gained mutation: You have a small tail. [demonic ancestry]
   923 | D:2      | Reached XP level 3. HP: 10/28 MP: 3/3
   926 | D:2      | HP: 1/28 [poisoned by a gnoll]
   927 | D:2      | Gained mutation: You expend magic power (3 MP) to
                  | strengthen your wands. [potion of mutation]
   927 | D:2      | Gained mutation: Your natural rate of healing is unusually
                  | fast. [potion of mutation]
   927 | D:2      | Lost mutation: You expend magic power (3 MP) to strengthen
                  | your wands. [potion of mutation]
   931 | D:2      | HP: 1/28 [poisoned by a gnoll]
  1009 | D:2      | Gained mutation: You sometimes emit foul miasma when
                  | damaged in melee. [demonic ancestry]
  1009 | D:2      | Reached XP level 4. HP: 34/34 MP: 4/4
  1037 | D:2      | Noticed Jessica
  1044 | D:2      | Killed Jessica
  1152 | D:2      | Found a faded altar of an unknown god.
  1251 | D:2      | Reached skill level 1 in Stealth
  1290 | D:2      | Gained mutation: You have large cloven feet. [demonic
                  | ancestry]
  1290 | D:2      | Reached XP level 5. HP: 41/41 MP: 5/5
  1681 | D:3      | Reached skill level 4 in Long Blades
  1681 | D:3      | Reached XP level 6. HP: 37/48 MP: 6/6
  1819 | D:3      | Found a snail-covered altar of Cheibriados.
  1820 | D:3      | Found a hazy altar of Hepliaklqana.
  1820 | D:3      | Found a broken altar of Ashenzari.
  1820 | D:3      | Found an ornate altar of the Wu Jian Council.
  2295 | D:3      | Identified 2 scrolls of acquirement
  2295 | D:3      | Acquired a +4 triple sword of protection
  2338 | D:4      | Acquired a manual of Long Blades
  2460 | D:4      | Noticed a sky beast
  2471 | D:4      | Killed a sky beast
  2533 | D:4      | Found a transporter.
  2554 | D:4      | Noticed a small abomination
  2587 | D:4      | Found a transporter.
  2587 | D:4      | Noticed GiantSquids's ghost (amateur HOMo)
  2600 | D:4      | Reached XP level 7. HP: 55/55 MP: 7/7
  2677 | D:4      | Reached skill level 5 in Long Blades
  2741 | D:4      | Acquired the ring "Haivugi" {rElec rPois rC+ Str+7 Int-4}
  2834 | D:4      | Found a one-way gate to the infinite horrors of the Abyss.
  3012 | D:5      | Entered Level 5 of the Dungeon
  3079 | D:5      | Noticed Dowan
  3081 | D:5      | Noticed Duvessa
  3089 | D:5      | Killed Dowan
  3092 | D:5      | Killed Duvessa
  3093 | D:5      | Reached skill level 5 in Fighting
  3190 | D:5      | Reached skill level 6 in Long Blades
  3216 | D:5      | Gained mutation: You have hoof-like feet. [demonic
                  | ancestry]
  3216 | D:5      | Reached XP level 8. HP: 62/62 MP: 8/8
  3958 | D:6      | Reached skill level 7 in Long Blades
  3966 | D:6      | Reached skill level 5 in Stealth
  3991 | D:6      | Identified the +0 ring mail of the Cobbler {rN+}
  4014 | D:6      | Noticed Eustachio
  4043 | D:6      | Killed Eustachio
  4141 | D:6      | Gained mutation: You have a pair of small horns on your
                  | head. [demonic ancestry]
  4141 | D:6      | Reached XP level 9. HP: 70/71 MP: 9/9
  4288 | D:6      | Reached skill level 8 in Long Blades
  4342 | D:6      | Found a hide-covered altar of Uskayaw.
  4342 | D:6      | Found an iron altar of Okawaru.
  4477 | D:6      | Identified the +3 whip of Starshine {freeze, rElec rC+
                  | Int-2}
  4546 | D:7      | Found a staircase to the Ecumenical Temple.
  4569 | Temple   | Entered the Ecumenical Temple
  4800 | D:6      | Became a worshipper of Warmaster Okawaru
  4841 | D:7      | Noticed a green ugly thing
  4845 | D:7      | Noticed a troll
  4849 | D:7      | Reached skill level 5 in Throwing
  4866 | D:7      | Killed a troll
  4867 | D:7      | Reached skill level 9 in Long Blades
  4887 | D:7      | Killed a green ugly thing
  4932 | D:7      | Reached * piety under Okawaru
  4933 | D:7      | Reached XP level 10. HP: 65/80 MP: 10/10
  5329 | D:7      | Noticed a two-headed ogre
  5334 | D:7      | Slain by a very large slime creature

Illustrated notes

Levels and vault maps discovered:
D:1:      sevenhm_arrival_forest_fort_small_3, layout_basic, serial_shops, shop,
          nicolae_shop_trees, shop, shop, corner_web_ring,
          chequers_serial_rivers_micro_b, serial_bayou_pond_e
D:2:      layout_basic, chequers_ecumenical_altar_simple, minmay_joined_circles,
          uniq_jessica
D:3:      cheibrodos_helix_gallery, layout_loops_ring,
          grunt_temple_overflow_open
D:4:      layout_loops_ring, gammafunk_ghost_abyssal_escape,
          guppyfry_early_lair_pool
D:5:      dreamdust_elfheim, layout_basic, dreamdust_gnoll_farm, uniq_duvessa
D:6:      layout_rooms, gammafunk_temple_overflow_claw, uniq_eustachio
D:7:      minmay_the_grid_four_pointed_star
          [minmay_the_grid_triangle_9x9_intruding_spiral,
          minmay_the_grid_triangle_9x9_flanged_cone,
          minmay_the_grid_triangle_9x9_wacky_v,
          minmay_the_grid_triangle_9x9_skeleton,
          minmay_the_grid_prize_four_corners], layout_loops_ring,
          minmay_temple_entry_stoned_glass
Temple:   nicolae_temple_bog_church

Skill      XL: |  1  2  3  4  5  6  7  8  9 10 |
---------------+-------------------------------+-----
Long Blades    | 3 4 6 7 9 |  9.8
Dodging        | 3 4 |  4.1
Fighting       | 3 4 5 6 7 |  7.9
Stealth        | 1 2 3 4 5 6 7 |  7.1
Throwing       | 2 4 5 |  5.9

Action                     |  1- 3 |  4- 6 |  7- 9 | 10-12 || total
---------------------------+-------+-------+-------+-------++-------
  Melee: Long sword        |    75 |   147 |       |       ||   222
         Tailslap          |     4 |    18 |    24 |     5 ||    51
         Kick              |       |    27 |    42 |    12 ||    81
         Punch             |       |     1 |       |       ||     1
         Triple sword      |       |    21 |   179 |    36 ||   236
         Headbutt          |       |       |    18 |     7 ||    25
  Throw: Throwing net      |     3 |       |       |       ||     3
         Javelin           |     1 |       |     6 |       ||     7
    Use: Potion            |     1 |       |       |       ||     1
         Scroll            |       |    12 |     4 |       ||    16
   Stab: Sleeping          |       |     1 |     3 |     2 ||     6
 Armour: Ring mail         |    27 |    76 |    78 |       ||   181
         Scale mail        |     2 |       |       |       ||     2
         Leather armour    |     1 |       |       |       ||     1
         Steam dragon scal |       |       |    13 |     5 ||    18
  Dodge: Dodged            |    54 |   116 |   183 |    19 ||   372
  Block: Other             |       |    13 |    70 |     7 ||    90
         Reflection        |       |       |     4 |       ||     4

Table legend: (Time is in decaauts)
 A = Elapsed time spent in this place.
 B = Non-inter-level travel time spent in this place.
 C = Inter-level travel time spent in this place.
 D = Time resting spent in this place.
 E = Time spent auto-exploring this place.
 F = Levels seen in this place.
 G = Mean time per level.
                   A        B        C        D        E       F      G
               +--------+--------+--------+--------+--------+-----+--------+
         Total |   5495 |   5155 |    340 |     57 |   3718 |   8 |  686.9 |
       Dungeon |   5327 |   5014 |    313 |     57 |   3587 |   7 |  761.0 |
        Temple |    168 |    141 |     27 |      0 |    131 |   1 |  168.0 |
               +--------+--------+--------+--------+--------+-----+--------+

Top non-repeatable levels by time:
     D:5: 928 daAuts
     D:3: 840 daAuts
     D:1: 803 daAuts
     D:2: 743 daAuts
     D:4: 733 daAuts
     D:7: 653 daAuts
     D:6: 625 daAuts
  Temple: 168 daAuts
